ABL
PARRAMATTA GIANTS @ SOUTH SYDNEY RABBITOHS
08/30/2022
 
TOP OF THE 1ST
Parramatta Giants batting - Pitching for South Sydney Rabbitohs : RHP E.J. Gowenlock
Pitching: RHP E.J. Gowenlock
Batting: SHB Phil Banks 0-0: Ball
1-0: Ground out 6-3 (Groundball, 6, EV 85.0 MPH)
Batting: RHB Braxton Byford 0-0: Swinging Strike
0-1: Foul Ball, location: 25F
0-2: Ball
1-2: Strikes out looking
Batting: LHB Robbie Mullen 0-0: Ball
1-0: Foul Ball, location: 7LSF
1-1: Called Strike
1-2: SINGLE (Groundball, 56D, EV 96.3 MPH)
Batting: LHB Hughie Stannard 0-0: Foul Ball, location: 7LDF
0-1: Ball
1-1: Foul Ball, location: 2F
1-2: Ball
2-2: Foul Ball, location: 7LDF
2-2: Ball
3-2: SINGLE (Line Drive, 6MD, EV 96.9 MPH)
Robbie Mullen to second
Robbie Mullen to third
Batting: RHB Matt Leseberg 0-0: Ball
1-0: Ball
2-0: Called Strike
2-1: Ball
3-1: DOUBLE (Flyball, 8RXD, EV 103.8 MPH)
Robbie Mullen scores
Hughie Stannard to third
Runner from 3rd tries for Home, SAFE, no throw by CF
Batting: RHB Desmond Williams 0-0: Called Strike
0-1: Foul Ball, location: 3SF
0-2: Foul Ball, location: 9LSF
0-2: Foul Ball, location: 2F
0-2: Strikes out swinging
Top of the 1st over - 2 runs, 3 hits, 0 errors, 1 left on base; Parramatta 2 - South Sydney 0
BOTTOM OF THE 1ST
South Sydney Rabbitohs batting - Pitching for Parramatta Giants : LHP Danny Brothers
Pitching: LHP Danny Brothers
Batting: LHB Clint Soper 0-0: Ball
1-0: Ball
2-0: Swinging Strike
2-1: Foul Ball, location: 2F
2-2: Strikes out swinging
Batting: RHB Kirby Hooley 0-0: Ball
1-0: Ground out 4-3 (Groundball, 4S, EV 88.8 MPH)
Batting: RHB Pete Vinson 0-0: Ball
1-0: Ball
2-0: Called Strike
2-1: Ball
3-1: Base on Balls
Batting: LHB Luke Currall 0-0: Ball
1-0: Swinging Strike
1-1: Foul Ball, location: 2F
1-2: Ball
2-2: Foul Ball, location: 2F
2-2: DOUBLE (Flyball, 78XD, EV 108.8 MPH)
Pete Vinson to third
Runner from 3rd tries for Home, SAFE, no throw by CF
Batting: RHB Ian Hogan 0-0: Called Strike
0-1: Ground out 5-3 (Groundball, 5L, EV 101.9 MPH)
Bottom of the 1st over - 1 run, 1 hit, 0 errors, 1 left on base; Parramatta 2 - South Sydney 1
TOP OF THE 2ND
Parramatta Giants batting - Pitching for South Sydney Rabbitohs : RHP E.J. Gowenlock
Batting: SHB Layne Hodnett 0-0: Ball
1-0: Ball
2-0: Called Strike
2-1: Foul Ball, location: 7LDF
2-2: Ball
3-2: Base on Balls
Batting: RHB Willie Bendall 0-0: Called Strike
0-1: Called Strike
0-2: Ball
1-2: Strikes out swinging
Batting: LHB Danny Brothers 0-0: Bunted foul
0-1: Sac Bunt to 25 - play at first, batter OUT! 5-3
Layne Hodnett to second
Batting: SHB Phil Banks 0-0: Called Strike
0-1: Ball
1-1: Ball
2-1: Foul Ball, location: 5DF
2-2: Strikes out swinging
Top of the 2nd over - 0 runs, 0 hits, 0 errors, 1 left on base; Parramatta 2 - South Sydney 1
BOTTOM OF THE 2ND
South Sydney Rabbitohs batting - Pitching for Parramatta Giants : LHP Danny Brothers
Batting: RHB Arnie Bartelot 0-0: Foul Ball, location: 2F
0-1: Ball
1-1: SINGLE (Line Drive, 8LS, EV 99.4 MPH)
Batting: RHB Michael Weyman 0-0: Called Strike
0-1: Foul Ball, location: 2RF
0-2: DOUBLE (Line Drive, 5D, EV 68.1 MPH)
Arnie Bartelot to third
Batting: RHB Oliver Trick 0-0: Foul Ball, location: 9LMF
0-1: Ball
1-1: Ball
2-1: Swinging Strike
2-2: Ball
3-2: Base on Balls
Batting: RHB E.J. Gowenlock 0-0: Ball
1-0: Called Strike
1-1: Ball
2-1: Called Strike
2-2: Ball
3-2: Foul Ball, location: 2F
3-2: Grounds into fielders choice 4-2 (Groundball, 34, EV 83.8 MPH)
Michael Weyman to third
Oliver Trick to second
Batting: LHB Clint Soper 0-0: Called Strike
0-1: Foul Ball, location: 25F
0-2: Foul Ball, location: 3F
0-2: Ball
1-2: SINGLE (Line Drive, 8RS, EV 93.1 MPH)
Michael Weyman scores
Oliver Trick to third
E.J. Gowenlock to second
Batting: RHB Kirby Hooley 0-0: Swinging Strike
0-1: Ball
1-1: Grounds into double play, 5-4-3 (Groundball, 56, EV 90.0 MPH)
Bottom of the 2nd over - 1 run, 3 hits, 0 errors, 2 left on base; Parramatta 2 - South Sydney 2
TOP OF THE 3RD
Parramatta Giants batting - Pitching for South Sydney Rabbitohs : RHP E.J. Gowenlock
Batting: RHB Braxton Byford 0-0: Called Strike
0-1: Ball
1-1: Foul Ball, location: 2F
1-2: Ground out 1-3 (Groundball, 13, EV 64.4 MPH)
Batting: LHB Robbie Mullen 0-0: Ball
1-0: Foul Ball, location: 2F
1-1: Ball
2-1: Foul Ball, location: 2F
2-2: Strikes out looking
Batting: LHB Hughie Stannard 0-0: Ball
1-0: Ball
2-0: Called Strike
2-1: Ball
3-1: Base on Balls
Batting: RHB Matt Leseberg 0-0: Ball
1-0: Ball
2-0: Ball
3-0: Called Strike
3-1: Ground out 1-3 (Groundball, 13S, EV 65.0 MPH)
Top of the 3rd over - 0 runs, 0 hits, 0 errors, 1 left on base; Parramatta 2 - South Sydney 2
BOTTOM OF THE 3RD
South Sydney Rabbitohs batting - Pitching for Parramatta Giants : LHP Danny Brothers
Batting: RHB Pete Vinson 0-0: Ball
1-0: Called Strike
1-1: Ball
2-1: Ball
3-1: Fly out, F6 (Line Drive, 6, EV 70.6 MPH)
Batting: LHB Luke Currall 0-0: Ball
1-0: Ball
2-0: Ball
3-0: Base on Balls
Batting: RHB Ian Hogan 0-0: Called Strike
0-1: Fly out, F8 (Flyball, 8LD, EV 107.5 MPH)
Batting: RHB Arnie Bartelot 0-0: Ball
1-0: SINGLE (Flyball, 8LS, EV 92.5 MPH)
Luke Currall to second
Batting: RHB Michael Weyman 0-0: SINGLE (Line Drive, 4D, EV 103.1 MPH)
Luke Currall to third
Arnie Bartelot to second
Runner from 3rd tries for Home, SAFE, throw by CF to home
Batting: RHB Oliver Trick 0-0: Foul Ball, location: 23FF
0-1: Ball
Wild Pitch!
Arnie Bartelot to third
Michael Weyman to second
1-1: Called Strike
1-2: Foul Ball, location: 9LDF
1-2: Strikes out swinging
Bottom of the 3rd over - 1 run, 2 hits, 0 errors, 2 left on base; Parramatta 2 - South Sydney 3
TOP OF THE 4TH
Parramatta Giants batting - Pitching for South Sydney Rabbitohs : RHP E.J. Gowenlock
Batting: RHB Desmond Williams 0-0: Swinging Strike
0-1: Ball
1-1: Foul Ball, location: 2F
1-2: Foul Ball, location: 7LMF
1-2: Strikes out swinging
Batting: SHB Layne Hodnett 0-0: Ball
1-0: Ground out 6-3 (Groundball, 56, EV 88.1 MPH)
Batting: RHB Willie Bendall 0-0: Fly out, F9 (Flyball, 9LS, EV 83.1 MPH)
Top of the 4th over - 0 runs, 0 hits, 0 errors, 0 left on base; Parramatta 2 - South Sydney 3
BOTTOM OF THE 4TH
South Sydney Rabbitohs batting - Pitching for Parramatta Giants : LHP Danny Brothers
Batting: RHB E.J. Gowenlock 0-0: Ball
1-0: Called Strike
1-1: Foul Ball, location: 9LSF
1-2: Ball
2-2: Ball
3-2: Strikes out looking
Batting: LHB Clint Soper 0-0: Swinging Strike
0-1: SINGLE (Line Drive, 9LM, EV 101.9 MPH)
Batting: RHB Kirby Hooley 0-0: Ball
1-0: Ball
2-0: Swinging Strike
2-1: Grounds into double play, 4-6-3 (Groundball, 4MD, EV 95.0 MPH)
Bottom of the 4th over - 0 runs, 1 hit, 0 errors, 0 left on base; Parramatta 2 - South Sydney 3
TOP OF THE 5TH
Parramatta Giants batting - Pitching for South Sydney Rabbitohs : RHP E.J. Gowenlock
Batting: LHB Danny Brothers 0-0: Ball
1-0: Called Strike
1-1: Fly out, F5 (Popup, 5SF, EV 83.1 MPH)
Batting: SHB Phil Banks 0-0: Ball
1-0: Called Strike
1-1: Ball
2-1: Foul Ball, location: 3FF
2-2: Ball
3-2: Foul Ball, location: 7LMF
3-2: Ground out 6-3 (Groundball, 6, EV 90.6 MPH)
Batting: RHB Braxton Byford 0-0: Foul Ball, location: 9LDF
0-1: Ball
1-1: Ground out 6-3 (Groundball, 6, EV 88.8 MPH)
Top of the 5th over - 0 runs, 0 hits, 0 errors, 0 left on base; Parramatta 2 - South Sydney 3
BOTTOM OF THE 5TH
South Sydney Rabbitohs batting - Pitching for Parramatta Giants : LHP Danny Brothers
DELAY Rain delay of 20 minutes in the 5th inning.
Batting: RHB Pete Vinson 0-0: Ball
1-0: Ball
2-0: Called Strike
2-1: Foul Ball, location: 7LDF
2-2: Strikes out swinging
Batting: LHB Luke Currall 0-0: SINGLE (Groundball, 3S, EV 64.4 MPH) (infield hit)
Batting: RHB Ian Hogan 0-0: Ball
1-0: SINGLE (Groundball, 5D, EV 83.1 MPH) (infield hit)
Luke Currall to second
Batting: RHB Arnie Bartelot 0-0: Ball
1-0: Ball
2-0: Called Strike
2-1: Called Strike
2-2: Strikes out looking
Batting: RHB Michael Weyman 0-0: Called Strike
0-1: Fly out, F8 (Flyball, 8RD, EV 90.0 MPH)
Bottom of the 5th over - 0 runs, 2 hits, 0 errors, 2 left on base; Parramatta 2 - South Sydney 3
TOP OF THE 6TH
Parramatta Giants batting - Pitching for South Sydney Rabbitohs : RHP E.J. Gowenlock
Batting: LHB Robbie Mullen 0-0: Called Strike
0-1: Called Strike
0-2: Ground out 4-3 (Groundball, 4M, EV 104.4 MPH)
Batting: LHB Hughie Stannard 0-0: Called Strike
0-1: Ball
1-1: Ball
2-1: Called Strike
2-2: Ball
3-2: Foul Ball, location: 3F
3-2: DOUBLE (Flyball, 8RXD, EV 95.6 MPH)
Batting: RHB Matt Leseberg 0-0: Ball
1-0: Called Strike
1-1: Ball
2-1: Foul Ball, location: 2F
2-2: Foul Ball, location: 3FF
2-2: Strikes out swinging
Batting: RHB Desmond Williams 0-0: Foul Ball, location: 9LSFF
0-1: Ball
1-1: Ball
2-1: Ball
3-1: Swinging Strike
3-2: Strikes out swinging
Top of the 6th over - 0 runs, 1 hit, 0 errors, 1 left on base; Parramatta 2 - South Sydney 3
BOTTOM OF THE 6TH
South Sydney Rabbitohs batting - Pitching for Parramatta Giants : LHP Danny Brothers
Batting: RHB Oliver Trick 0-0: Foul Ball, location: 9LDF
0-1: Ball
1-1: Called Strike
1-2: Strikes out swinging
Pinch Hitting: RHB Axel Winson 0-0: Ball
1-0: Called Strike
1-1: Fly out, F7 (Flyball, 7D, EV 109.4 MPH)
Batting: LHB Clint Soper 0-0: Foul Ball, location: 3F
0-1: Ball
1-1: Ball
2-1: Ball
3-1: Fly out, F8 (Line Drive, 8LM, EV 87.5 MPH)
Bottom of the 6th over - 0 runs, 0 hits, 0 errors, 0 left on base; Parramatta 2 - South Sydney 3
TOP OF THE 7TH
Parramatta Giants batting - Pitching for South Sydney Rabbitohs : RHP E.J. Gowenlock
Pitching: LHP Tony Minet
Batting: SHB Layne Hodnett 0-0: Ball
1-0: Called Strike
1-1: Ball
2-1: Foul Ball, location: 9LMF
2-2: Foul Ball, location: 25F
2-2: Foul Ball, location: 9LMF
2-2: Ball
3-2: Strikes out swinging
Batting: RHB Willie Bendall 0-0: Foul Ball, location: 9LDF
0-1: Ground out 4-3 (Groundball, 34, EV 90.6 MPH)
Pinch Hitting: RHB Jace Whitlock 0-0: Swinging Strike
0-1: Ball
1-1: Fly out, F9 (Flyball, 89M, EV 94.4 MPH)
Top of the 7th over - 0 runs, 0 hits, 0 errors, 0 left on base; Parramatta 2 - South Sydney 3
BOTTOM OF THE 7TH
South Sydney Rabbitohs batting - Pitching for Parramatta Giants : LHP Danny Brothers
Pitching: RHP Frank Selby
Batting: RHB Kirby Hooley 0-0: Ball
1-0: Ball
2-0: Fly out, F8 (Flyball, 8LD, EV 78.1 MPH)
Batting: RHB Pete Vinson 0-0: Foul Ball, location: 2F
0-1: Called Strike
0-2: Foul Ball, location: 23F
0-2: Foul Ball, location: 2F
0-2: Ball
1-2: Foul Ball, location: 2F
1-2: Ball
2-2: SINGLE (Line Drive, 6D, EV 103.8 MPH)
Batting: LHB Luke Currall 0-0: Swinging Strike
0-1: Foul Ball, location: 5F
0-2: Ball
1-2: Ball
2-2: Ball
3-2: Strikes out swinging
Batting: RHB Ian Hogan 0-0: Called Strike
0-1: Ball
1-1: Ball
2-1: Swinging Strike
2-2: Strikes out swinging
Bottom of the 7th over - 0 runs, 1 hit, 0 errors, 1 left on base; Parramatta 2 - South Sydney 3
TOP OF THE 8TH
Parramatta Giants batting - Pitching for South Sydney Rabbitohs : LHP Tony Minet
Batting: SHB Phil Banks 0-0: Foul Ball, location: 9LSF
0-1: Called Strike
0-2: Ball
1-2: Foul Ball, location: 9LDF
1-2: Strikes out looking
Batting: RHB Braxton Byford 0-0: Ball
1-0: Ball
2-0: Called Strike
2-1: Ball
3-1: SINGLE (Line Drive, 9S, EV 106.9 MPH)
Pinch Hitting: RHB Tristan Cartier 0-0: Ball
1-0: Ball
Wild Pitch!
Braxton Byford to second
2-0: Foul Ball, location: 3FF
2-1: Swinging Strike
2-2: 2-RUN HOME RUN (Flyball, 78XD, EV 109.4 MPH), Distance : 420 ft
Batting: LHB Hughie Stannard 0-0: Foul Ball, location: 9LMF
0-1: Foul Ball, location: 3FF
0-2: Foul Ball, location: 7LMF
0-2: Ball
1-2: Strikes out swinging
Batting: RHB Matt Leseberg 0-0: Called Strike
0-1: Ball
1-1: Ball
2-1: SOLO HOME RUN (Flyball, 78XD, EV 112.5 MPH), Distance : 420 ft
Pitching: RHP Geoff Medley
Batting: RHB Desmond Williams 0-0: Ball
1-0: Fly out, F3 (Line Drive, 3, EV 67.5 MPH)
Top of the 8th over - 3 runs, 3 hits, 0 errors, 0 left on base; Parramatta 5 - South Sydney 3
BOTTOM OF THE 8TH
South Sydney Rabbitohs batting - Pitching for Parramatta Giants : RHP Frank Selby
Now in RF: Daniel Patel
Batting: RHB Arnie Bartelot 0-0: Called Strike
0-1: Fly out, F8 (Flyball, 8LD, EV 94.4 MPH)
Batting: RHB Michael Weyman 0-0: Ball
1-0: Called Strike
1-1: Reached on error, E5 (Groundball, 5, EV 88.1 MPH)
Batting: RHB Oliver Trick 0-0: Called Strike
0-1: Ball
1-1: Ball
2-1: Foul Ball, location: 5DF
2-2: Foul Ball, location: 2F
2-2: Grounds into double play, 6-4-3 (Groundball, 6, EV 108.8 MPH)
Bottom of the 8th over - 0 runs, 0 hits, 1 error, 0 left on base; Parramatta 5 - South Sydney 3
TOP OF THE 9TH
Parramatta Giants batting - Pitching for South Sydney Rabbitohs : RHP Geoff Medley
Batting: SHB Layne Hodnett 0-0: Ball
1-0: Ball
2-0: Called Strike
2-1: SINGLE (Groundball, 4MS, EV 72.5 MPH) (infield hit)
Batting: RHB Willie Bendall 0-0: Bunted foul
0-1: Ball
1-1: Ball
2-1: Bunt missed!
2-2: Foul Ball, location: 9LSF
2-2: Ball
3-2: Foul Ball, location: 3FF
3-2: Foul Ball, location: 2F
3-2: Strikes out swinging
Pinch Hitting: RHB Harry Jorgensen 0-0: Ball
1-0: Called Strike
1-1: Ball
2-1: Ball
3-1: Base on Balls
Layne Hodnett to second
Batting: SHB Phil Banks 0-0: Ball
1-0: Ball
2-0: SINGLE (Groundball, 5D, EV 100.0 MPH) (infield hit)
Layne Hodnett to third
Harry Jorgensen to second
Batting: RHB Braxton Byford 0-0: Called Strike
0-1: Called Strike
0-2: Strikes out swinging
Batting: RHB Daniel Patel 0-0: Swinging Strike
0-1: Ball
1-1: Foul Ball, location: 5SF
1-2: TRIPLE (Line Drive, 78XD, EV 105.0 MPH)
Layne Hodnett scores
Harry Jorgensen scores
Phil Banks scores
Pitching: LHP David Corbett
Batting: LHB Hughie Stannard 0-0: Foul Ball, location: 2F
0-1: Swinging Strike
0-2: Ball
1-2: Ball
2-2: Ball
3-2: DOUBLE (Groundball, 3L, EV 106.3 MPH)
Daniel Patel scores
Pitching: RHP Lionel Hughes
Batting: RHB Matt Leseberg 0-0: Ball
1-0: Ball
2-0: Foul Ball, location: 2RF
2-1: Fly out, F8 (Flyball, 89M, EV 86.3 MPH)
Top of the 9th over - 4 runs, 4 hits, 0 errors, 1 left on base; Parramatta 9 - South Sydney 3
BOTTOM OF THE 9TH
South Sydney Rabbitohs batting - Pitching for Parramatta Giants : RHP Frank Selby
Pitching: RHP Jordan Price
Pinch Hitting: SHB Orren Norwood 0-0: Ball
1-0: Ball
2-0: SOLO HOME RUN (Flyball, 9D, EV 98.8 MPH), Distance : 362 ft
Batting: LHB Clint Soper 0-0: Called Strike
0-1: Ball
1-1: Ball
2-1: Ball
3-1: Foul Ball, location: 3DF
3-2: Fly out, F4 (Popup, 34S, EV 85.6 MPH)
Batting: RHB Kirby Hooley 0-0: Called Strike
0-1: Ball
1-1: SINGLE (Line Drive, 78S, EV 101.3 MPH)
Batting: RHB Pete Vinson 0-0: Ball
1-0: Ball
2-0: Foul Ball, location: 3F
2-1: Ball
3-1: Called Strike
3-2: Foul Ball, location: 9LDF
3-2: Strikes out swinging
Batting: LHB Luke Currall 0-0: Ball
1-0: Ball
2-0: Fly out, F8 (Flyball, 89M, EV 93.1 MPH)
Bottom of the 9th over - 1 run, 2 hits, 0 errors, 1 left on base; Parramatta 9 - South Sydney 4
Monday, May 6th , 2024 - OOTP Baseball 24.9 Build 80